 Dungeon Crawl Stone Soup version 0.30-a0-172-gc5509c9e31 (webtiles) character file.

Game seed: 17885449514401826576

30527 inmateoo the Spear-Bearer (level 13, -13/103 HPs)
             Began as a Mummy Fighter on Oct 1, 2022.
             Was an Initiate of Gozag.
             Killed from afar by Louise (25 damage)
             ... with a bolt of lightning
             ... on level 14 of the Dungeon.
             The game lasted 00:13:08 (11127 turns).

inmateoo the Spear-Bearer (Mummy Fighter)          Turns: 11127, Time: 00:13:09

Health: -13/103    AC: 17    Str: 29    XL:     13   Next: 21%
Magic:  22/22      EV: 18    Int: 10    God:    Gozag
Gold:   3076       SH:  6    Dex: 15    Spells: 12/12 levels left

rFire   . . .      SeeInvis .    q - +10 trident of the Spider Nest {vamp, rF+ Dex+4}
rCold   + + .      Faith    +    c - +0 buckler
rNeg    + + +      Spirit   .    t - +3 scale mail "Bulunil" {-Tele rC+ MP+9 Str+4 Int+3}
rPois   ∞          Reflect  .    d - +2 hat
rElec   .          Harm     .    f - +0 cloak
rCorr   .          Rampage  .    A - +1 pair of gloves
Will    ++...      NoTele   +    (no boots)
Stlth   ..........               o - amulet of regeneration
HPRegen 1.17/turn                h - +4 ring of evasion
MPRegen 0.18/turn                y - ring of willpower

@: marked
A: cold resistance 1, negative energy resistance 3, torment resistance 2, heat
vulnerability 1, in touch with death 2, no potions, faith
a: Renounce Religion, Potion Petition, Call Merchant, Bribe Branch


You were on level 14 of the Dungeon.
You worshipped Gozag.
Gozag was most pleased with you.
You visited 1 branch of the dungeon, and saw 14 of its levels.
You also visited: Ossuary and Bailey.

You collected 4387 gold pieces.
You spent 1217 gold pieces at shops.
You paid 94 gold pieces to Gozag.

Inventory:

Hand Weapons
 e - a +10 broad axe
 q - the +10 trident of the Spider Nest (weapon) {vamp, rF+ Dex+4}
   (You acquired it on level 5 of the Dungeon)

   It occasionally heals its wielder for a portion of the damage dealt when it
   wounds a living foe.
   Dex:       It affects your dexterity (+4).
   rF:        It protects you from fire.
Missiles
 m - 55 poisoned darts (quivered)
Armour
 c - a +0 buckler (worn)
 d - a +2 hat (worn)
 f - a +0 cloak (worn)
 n - the +3 scale mail of the Thoughtful Knives {rF- Str+3 Dex+6}
   (You bought it in a shop on level 5 of the Dungeon)

   Str:       It affects your strength (+3).
   Dex:       It affects your dexterity (+6).
   rF:        It makes you vulnerable to fire.
 t - the +3 scale mail "Bulunil" (worn) {-Tele rC+ MP+9 Str+4 Int+3}
   (You found it on level 7 of the Dungeon)

   Str:       It affects your strength (+4).
   Int:       It affects your intelligence (+3).
   rC:        It protects you from cold.
   MP:        It affects your magic capacity (+9).
   -Tele:     It prevents most forms of teleportation.
 A - a +1 pair of gloves (worn)
Jewellery
 h - a +4 ring of evasion (left hand)
 l - a ring of flight
 o - an amulet of regeneration (around neck)
 y - a ring of willpower (right hand)
 B - the ring of Rympario {rC+++ Will+ Int-3 SInv}
   (You bought it in a shop on level 11 of the Dungeon)

   [ring of see invisible]

   Int:       It affects your intelligence (-3).
   rC:        It renders you almost immune to cold.
   SInv:      It lets you see invisible.
   Will:      It increases your willpower.
Wands
 g - a wand of light (4)
 v - a wand of iceblast (25)
 w - a wand of polymorph (8)
 z - a wand of paralysis (3)
Scrolls
 a - 5 scrolls of fear
 b - 6 scrolls of teleportation
 j - 5 scrolls of butterflies
 k - 11 scrolls of identify
 p - 3 scrolls of amnesia
 r - a scroll of blinking
 s - 3 scrolls of enchant weapon
 u - 2 scrolls of torment
 C - 2 scrolls of magic mapping {unknown}
 D - a scroll of enchant armour {unknown}
Miscellaneous
 x - a lightning rod (4/4)


   Skills:
 + Level 10.0 Fighting
 * Level 11.4 Polearms
 + Level 8.4 Armour
 + Level 7.7 Dodging
 + Level 8.2 Shields


You had 12 spell levels left.
You didn't know any spells.
Your spell library contained the following spells:

 Spells                   Type           Power      Damage    Failure   Level
 Shock                    Conj/Air       0%         1d3       65%         1
 Slow                     Hex            0%         N/A       65%         1
 Confusing Touch          Hex            0%         N/A       95%         3
 Ozocubu's Armour         Ice            0%         N/A       95%         3
 Swiftness                Air            0%         N/A       95%         3
 Vampiric Draining        Necr           0%         2d6       95%         3
 Airstrike                Air            0%         2d(0-16)  100%        4
 Metabolic Englaciation   Hex/Ice        0%         N/A       100%        5
 Simulacrum               Ice/Necr       Unusable   N/A       N/A         6

Dungeon Overview and Level Annotations

Branches:
Dungeon (14/15)            Temple (0/1) D:5            Lair (0/5) D:8
    Orc (0/2) D:9          Vaults (0/5) D:13        Ossuary (visited)
 Bailey (visited)

Altars:
Gozag
Sif Muna
Trog
Wu Jian

Shops:
D:5 [   D:9 (**[   D:11 =

Annotations:
D:14 Louise


Innate Abilities, Weirdness & Mutations

You are immune to poison.
Your flesh is cold resistant. (rC+)
You are immune to negative energy. (rN+++)
You are immune to unholy pain and torment.
You are vulnerable to heat. (rF-)
You are strongly in touch with the powers of death.
You do not drink.
You have a special connection with the divine. (Faith)


Message History

There is an open door here.
You now have 3058 gold pieces (gained 24).
Found a stone staircase leading down.
No target in view!
No target in view!
No target in view!
You open the door.
There is an open door here.
You now have 3076 gold pieces (gained 18).
As you open the door, it creaks loudly!
You hear a shout! x2
No target in view!
A centaur warrior and Louise come into view.
Louise is wielding a +4 demon trident of venom and wearing a +4 plate armour of cold resistance.
The centaur warrior shouts!
Louise shouts!
The centaur warrior wields a +0 shortbow.
The centaur warrior shoots an arrow.
The arrow hits you!
The centaur warrior shoots an arrow.
You block the arrow.
Louise moves out of view.
You hear a bellow!
There is an open door here.
A sourceless malevolence fills the Dungeon...
With a horrendous wail, an alarm goes off!
A sentinel's mark forms upon you.
You hear a shout! x2
A boulder beetle comes into view.
The centaur warrior shoots an arrow.
You block the arrow.
There are monsters nearby!
You reach to attack!
Louise blocks your attack.
Louise points at you and mumbles some strange words.
The bolt of lightning misses you. The bolt of lightning hits you!!
The centaur warrior shoots an arrow.
The arrow hits you!
Unknown command.
The centaur warrior shoots an arrow.
The arrow hits you!
There is an open door here.
Louise casts a spell at you. The bolt of lightning hits you!!!
* * * LOW HITPOINT WARNING * * *
The bolt of lightning hits you!!
You die...
Your body crumbles into a pile of gold.

.#.# ...#.#
#######.....#
#####.....#.....#
#.........#.....#
###'####.#...#
#####............#
#.......>........#
#.#...@####......#
#.#.^............#
#..@.#######.###.#
##'###.....#.....#
#..@......#.....#
#...+######.#...#
###.# #...#...# ..
##......# ..#
##......#


You could see Louise.

Vanquished Creatures
  Gastronok (D:9)
  Josephine (D:12)
  Erolcha (D:9)
  A hydra (D:11)
  3 vault guards (D:13)
  5 two-headed ogres
  Erica (D:9)
  Lodul (D:10)
  A deep elf pyromancer (D:13)
  3 manticores (D:13)
  2 cyclopes (D:12)
  Joseph (D:7)
  2 gargoyles
  A komodo dragon (D:8)
  5 trolls
  Grinder (D:3)
  5 slime creatures
  A raiju (shapeshifter) (D:13)
  3 shadows
  6 wraiths
  A vampire (D:10)
  5 yaks (D:10)
  Grum (D:9)
  3 steam dragons
  5 vampire mosquitoes
  Menkaure (D:6)
  Duvessa (D:6)
  20 orc warriors
  2 sky beasts
  2 black bears
  10 ogres
  An ogre (shapeshifter) (D:12)
  6 centaurs
  4 wolves (D:9)
  A phantom (D:5)
  2 elf zombies (Ossuary)
  11 kobold brigands
  A bullfrog (D:6)
  2 necrophages
  4 gnoll sergeants (D:9)
  5 scorpions
  22 wights
  Dowan (D:6)
  16 killer bees
  7 howler monkeys (D:11)
  3 human zombies (Ossuary)
  A centaur zombie (Ossuary)
  9 jellies
  3 hounds
  6 orc priests
  3 iguanas
  14 orc wizards
  A hound zombie (Ossuary)
  4 mummies
  9 gnolls
  7 adders
  3 ufetubi
  5 adder zombies (Ossuary)
  A worm (D:2)
  2 dart slugs
  47 orcs
  9 endoplasms
  6 giant cockroaches
  13 hobgoblins
  7 jackals (D:1)
  25 kobolds
  2 quokkas
  8 ball pythons
  2 bats
  2 frilled lizards
  2 gnoll zombies (Ossuary)
  22 goblins
  5 goblin zombies (Ossuary)
  6 hobgoblin zombies
  2 jackal zombies (Ossuary)
  2 kobold zombies (Ossuary)
  An orc zombie (D:5)
  4 quokka zombies (Ossuary)
  7 rats
  3 rat zombies (Ossuary)
425 creatures vanquished.

Vanquished Creatures (collateral kills)
  An orc warlord (Bailey)
  A vault guard (D:13)
  A tengu warrior (D:13)
  A skeletal warrior (D:13)
  2 cyclopes (D:13)
6 creatures vanquished.

Vanquished Creatures (others)
  2 orcs (D:7)
  A fungus (D:5)
  3 plants (D:8)
  12 toadstools (D:5)
18 creatures vanquished.

Grand Total: 449 creatures vanquished

Notes
Turn   | Place    | Note
-------+----------+-------------------------------------------
     0 | D:1      | inmateoo the Mummy Fighter began the quest for the Orb.
     0 | D:1      | Reached XP level 1. HP: 18/18 MP: 1/1
   139 | D:1      | Reached XP level 2. HP: 24/24 MP: 2/2
   338 | D:1      | Reached skill level 2 in Polearms
   614 | D:1      | Gained mutation: You are in touch with the powers of death.
                  | [Mummy growth]
   614 | D:1      | Reached XP level 3. HP: 27/29 MP: 3/3
  1170 | D:2      | Identified a scroll of acquirement
  1170 | D:2      | Acquired 1022 gold pieces
  1328 | D:3      | Noticed a scorpion
  1340 | D:3      | Killed a scorpion
  1341 | D:3      | Reached skill level 1 in Dodging
  1341 | D:3      | Reached XP level 4. HP: 25/35 MP: 4/4
  1442 | D:3      | Noticed Grinder
  1445 | D:3      | Paralysed by Grinder for 4 turns
  1459 | D:3      | Killed Grinder
  1460 | D:3      | Reached skill level 3 in Polearms
  1460 | D:3      | Reached XP level 5. HP: 33/42 MP: 5/5
  1460 | D:3      | Reached XP level 6. HP: 38/48 MP: 6/6
  2234 | D:4      | Identified the +4 sling of Breach {vorpal, rElec Dex+2}
  2281 | D:4      | Reached XP level 7. HP: 54/54 MP: 7/7
  2294 | D:4      | Reached skill level 4 in Polearms
  2439 | D:5      | Entered Level 5 of the Dungeon
  2535 | D:5      | Found a sand-covered staircase.
  2558 | Ossuary  | Entered an ossuary
  2743 | Ossuary  | Reached XP level 8. HP: 61/61 MP: 8/8
  2812 | Ossuary  | Reached skill level 5 in Fighting
  2988 | D:5      | Found Kueluit's Antique Armour Boutique.
  3002 | D:5      | Reached skill level 5 in Polearms
  3013 | D:5      | Bought a bloodstained scale mail for 207 gold pieces
  3013 | D:5      | Identified the +3 scale mail of the Thoughtful Knives {rF-
                  | Str+3 Dex+6} (You bought it in a shop on level 5 of the
                  | Dungeon)
  3073 | D:5      | Found a bloodstained altar of Trog.
  3074 | D:5      | Found an ornate altar of the Wu Jian Council.
  3074 | D:5      | Found an opulent altar of Gozag.
  3081 | D:5      | Became a worshipper of Gozag Ym Sagoz the Greedy
  3286 | D:5      | Found a staircase to the Ecumenical Temple.
  3493 | D:5      | Acquired the +10 trident of the Spider Nest {vamp, rF+
                  | Dex+4}
  3703 | D:5      | Noticed a slime creature
  3715 | D:5      | Killed a slime creature
  3716 | D:5      | Reached XP level 9. HP: 53/69 MP: 9/9
  3742 | D:5      | Reached skill level 6 in Polearms
  4120 | D:6      | Noticed Menkaure
  4124 | D:6      | Killed Menkaure
  4371 | D:6      | Noticed Duvessa
  4371 | D:6      | Noticed Dowan
  4378 | D:6      | Killed Duvessa
  4379 | D:6      | Reached skill level 5 in Armour
  4389 | D:6      | Killed Dowan
  4417 | D:6      | Reached skill level 5 in Shields
  4659 | D:7      | Noticed Joseph
  4686 | D:7      | Killed Joseph
  4700 | D:7      | Reached skill level 7 in Polearms
  4861 | D:7      | Found a flagged portal.
  4865 | D:7      | Identified the +3 scale mail "Bulunil" {-Tele rC+ MP+9
                  | Str+4 Int+3}
  4901 | Bailey   | Entered a bailey
  5046 | Bailey   | Reached XP level 10. HP: 77/77 MP: 10/10
  5224 | Bailey   | Noticed an orc warlord
  5257 | Bailey   | Killed an orc warlord
  5258 | Bailey   | Reached skill level 5 in Dodging
  5338 | D:7      | Acquired a +1 demon trident of venom
  5668 | D:8      | Reached skill level 8 in Polearms
  5831 | D:8      | Found a staircase to the Lair.
  6838 | D:9      | Found Unliah's Weapon Emporium.
  6990 | D:9      | Noticed Erica
  6999 | D:9      | Killed Erica
  7000 | D:9      | Reached XP level 11. HP: 82/85 MP: 11/11
  7012 | D:9      | You fall into a shaft and drop 1 floor!
  7012 | D:10     | Entered Level 10 of the Dungeon
  7297 | D:10     | Noticed Lodul
  7315 | D:10     | Killed Lodul
  7318 | D:10     | Reached skill level 9 in Polearms
  7496 | D:10     | Found a shimmering blue altar of Sif Muna.
  7611 | D:10     | Noticed a two-headed ogre
  7618 | D:10     | Killed a two-headed ogre
  7877 | D:9      | Found a staircase to the Orcish Mines.
  8045 | D:9      | Found Ynoramot's General Store.
  8056 | D:9      | Bought a scroll of torment for 152 gold pieces
  8155 | D:9      | Found Cooritoth's General Store.
  8160 | D:9      | Bought a scroll of teleportation for 45 gold pieces
  8169 | D:9      | Noticed Erolcha
  8181 | D:9      | Killed Erolcha
  8208 | D:9      | Found Uvopakh's Armour Shop.
  8208 | D:9      | Noticed Grum
  8234 | D:9      | Killed Grum
  8270 | D:9      | Bought a +1 pair of gloves for 138 gold pieces
  8334 | D:9      | Noticed Gastronok
  8347 | D:9      | Killed Gastronok
  8348 | D:9      | Reached XP level 12. HP: 94/94 MP: 12/12
  8693 | D:11     | Reached skill level 10 in Polearms
  8736 | D:11     | Noticed an eight-headed hydra
  8747 | D:11     | Killed an eight-headed hydra
  8845 | D:11     | Found Qeff's Jewellery Boutique.
  8863 | D:11     | Bought the ring of Rympario {rC+++ Will+ Int-3 SInv} for
                  | 675 gold pieces
  9475 | D:12     | Noticed a two-headed ogre
  9487 | D:12     | Killed a two-headed ogre
  9498 | D:12     | Noticed a two-headed ogre
  9509 | D:12     | Killed a two-headed ogre
  9797 | D:12     | Noticed Josephine
  9816 | D:12     | Killed Josephine
 10273 | D:13     | Noticed a two-headed ogre
 10284 | D:13     | Killed a two-headed ogre
 10463 | D:13     | Found a gate to the Vaults.
 10463 | D:13     | Noticed a two-headed ogre
 10463 | D:13     | Noticed a tengu warrior
 10463 | D:13     | Noticed a vault guard
 10463 | D:13     | Noticed a vault guard
 10463 | D:13     | Noticed a vault guard
 10463 | D:13     | Noticed a vault guard
 10468 | D:13     | Killed a two-headed ogre
 10482 | D:13     | Killed a vault guard
 10483 | D:13     | Reached skill level 11 in Polearms
 10489 | D:13     | Killed a tengu warrior
 10490 | D:13     | Gained mutation: You are strongly in touch with the powers
                  | of death. [Mummy growth]
 10490 | D:13     | Reached XP level 13. HP: 50/102 MP: 13/13
 10990 | D:14     | Reached skill level 10 in Fighting
 11120 | D:14     | Noticed Louise
 11127 | D:14     | Killed from afar by Louise

Illustrated notes

Levels and vault maps discovered:
D:1:      dpeg_arrival_erosion, layout_basic, minmay_3d_cube
D:2:      layout_rooms, solitary_fountain
D:3:      layout_loops_cross, uniq_grinder
D:4:      layout_rooms, minmay_ogre_servants
D:5:      cheibrodos_fertilizer, layout_loops_ring,
          mainiacjoe_overflow_alcove_3, minmay_temple_entry_antechambers,
          serial_shops, nicolae_diamond_shop, nicolae_ossuary_entry_giza
D:6:      layout_loops_corners, uniq_menkaure, uniq_duvessa
D:7:      layout_basic, enter_bailey_6, uniq_joseph
D:8:      layout_layer_cave, david_lair_shrubbed
D:9:      layout_long_grid, kennysheep_orc_monster_closet_entryway,
          serial_shops, nicolae_shop_trees, kennysheep_little_box,
          nicolae_lakefront_shop, nicolae_shop_hallway_plus, uniq_erica,
          uniq_gastronok, uniq_grum, uniq_erolcha
D:10:     layout_rooms, tgw_sif, minmay_door_square, uniq_lodul
D:11:     layout_small_grid, serial_shops, shop, feat_on_display
D:12:     layout_stronghold, hangedman_decor_lopped, uniq_josephine
D:13:     layout_loops_ring, lightli_vaults_fourway_checkpoint
D:14:     minmay_blocky_corners, layout_stronghold, uniq_louise

Skill      XL: |  1  2  3  4  5  6  7  8  9 10 11 12 13 |
---------------+----------------------------------------+-----
Polearms       | 2 3 4 5 7 8 9 11 | 11.4
Dodging        | 1 2 3 4 5 6 7 |  7.7
Fighting       | 4 5 6 7 8 9 10 | 10.0
Armour         | 3 4 5 6 7 8 |  8.4
Shields        | 3 4 5 6 7 8 |  8.2

Action                   |  1- 3 |  4- 6 |  7- 9 | 10-12 | 13-15 || total
-------------------------+-------+-------+-------+-------+-------++-------
Melee: Trident           |   167 |   117 |   516 |   754 |    68 ||  1622
Evoke: Wand              |       |       |       |     4 |       ||     4
  Use: Scroll            |     6 |     2 |     5 |     5 |       ||    18
 Stab: Invisible         |       |       |       |     4 |       ||     4
       Distracted        |       |       |       |     3 |       ||     3
Armor: Scale mail        |    79 |    48 |   150 |   127 |     5 ||   409
Dodge: Dodged            |    89 |    62 |   295 |   315 |    31 ||   792
Block: Buckler           |    30 |    30 |   113 |   148 |    15 ||   336

Table legend: (Time is in decaauts)
 A = Elapsed time spent in this place.
 B = Non-inter-level travel time spent in this place.
 C = Inter-level travel time spent in this place.
 D = Time resting spent in this place.
 E = Time spent auto-exploring this place.
 F = Levels seen in this place.
 G = Mean time per level.
                   A        B        C        D        E       F      G
               +--------+--------+--------+--------+--------+-----+--------+
         Total |  11114 |  10756 |    358 |    577 |   7017 |  16 |  694.6 |
       Dungeon |  10298 |   9940 |    358 |    511 |   6871 |  14 |  735.6 |
       Ossuary |    396 |    396 |      0 |     31 |     84 |   1 |  396.0 |
        Bailey |    420 |    420 |      0 |     35 |     62 |   1 |  420.0 |
               +--------+--------+--------+--------+--------+-----+--------+

Top non-repeatable levels by time:
     D:8: 1155 daAuts
     D:5: 990 daAuts
     D:9: 967 daAuts
    D:12: 931 daAuts
     D:1: 885 daAuts
     D:6: 781 daAuts
    D:10: 744 daAuts
    D:13: 736 daAuts
     D:3: 730 daAuts
    D:11: 693 daAuts
     D:7: 617 daAuts
     D:4: 486 daAuts
     D:2: 437 daAuts
  Bailey: 420 daAuts
 Ossuary: 396 daAuts
